 Dungeon Crawl Stone Soup version 0.17-a0-1910-g4c791fa (webtiles) character file.

43598 shakdrar the Cleaver (level 14, -3/90 HPs)
             Began as a Gargoyle Berserker on Sept 25, 2015.
             Was a High Priest of Trog.
             Slain by a wyvern (11 damage)
             ... on level 7 of the Lair of Beasts.
             The game lasted 01:19:18 (18810 turns).

shakdrar the Cleaver (Gargoyle Berserker)          Turns: 18810, Time: 01:19:18

Health: -3/90      AC: 23    Str: 31    XL:     14   Next: 25%
Magic:  6/16       EV: 14    Int: 12    God:    Trog [*****.]
Gold:   797        SH:  0    Dex:  9    Spells: 0 memorised, 13 levels left

rFire  + + .     SeeInvis .     I - +4 great mace "Orb Guardian's Foe" {crush, rF+ Str+5}
rCold  + . .     Clarity  .     e - +0 ring mail of the Voivode {rF+ Regen+ Int+4}
rNeg   + . .     SustAt   .     (no shield)
rPois  ∞         Gourm    .     W - +1 hat {rC+}
rElec  +         Spirit   .     A - +2 cloak {+Inv}
rCorr  .         Warding  .     j - +0 pair of gloves
rMut   +         Stasis   .     (no boots)
MR     ++++.                    S - amulet of resist mutation
Stlth  +.........               t - +3 ring of slaying
                                O - ring of protection from magic

@: regenerating, incredibly resistant to hostile enchantments, very unstealthy
A: big wings, talons 2, negative energy resistance 1, electricity resistance,
unbreathing, petrification resistance, rot immunity, AC +9
a: Fly, Burn Spellbooks, Berserk, Trog's Hand, Brothers in Arms, Renounce
Religion, Evoke Invisibility


You were on level 7 of the Lair of Beasts.
You worshipped Trog.
Trog was extremely pleased with you.
You were not hungry.

You visited 3 branches of the dungeon, and saw 19 of its levels.
You also visited: Ice Cave.

You collected 1434 gold pieces.
You spent 637 gold pieces at shops.

Inventory:

Hand weapons
 f - a +5 antimagic executioner's axe
 i - the +4 halberd of Contradiction {pain, rPois rF+ Int-5}
   (You found it in an ice cave)

   In the hands of one skilled in necromantic magic, it inflicts extra damage on
   living creatures.
   It affects your intelligence (-5).
   It protects you from fire.
   It protects you from poison.
 q - a +3 war axe of chopping
 I - the +4 great mace "Orb Guardian's Foe" (weapon) {crush, rF+ Str+5}
   (You acquired it on level 8 of the Dungeon)

   It inflicts extra damage upon your enemies.
   It affects your strength (+5).
   It protects you from fire.
Missiles
 F - 6 poisoned javelins (quivered)
Armour
 e - the +0 ring mail of the Voivode (worn) {rF+ Regen+ Int+4}
   (You found it on level 5 of the Lair of Beasts)

   It affects your intelligence (+4).
   It protects you from fire.
   It increases your rate of regeneration.
 j - a +0 pair of gloves (worn)
 w - a +1 buckler of cold resistance
 A - a +2 cloak of invisibility (worn)
 K - the +1 leather armour "Ymeugodi" {rC- rN+++ rCorr}
   (You found it on level 10 of the Dungeon)

   It makes you vulnerable to cold.
   It renders you almost immune to negative energy.
   It protects you from acid and corrosion.
 P - a +0 troll leather armour
 W - a +1 hat of cold resistance (worn)
Jewellery
 t - a +3 ring of slaying (right hand)
 z - an uncursed ring of protection from fire
 O - a ring of protection from magic (left hand)
 Q - an uncursed amulet of stasis
 S - an amulet of resist mutation (around neck)
 T - an uncursed ring of flight
 U - an uncursed ring of teleportation
Magical devices
 b - a wand of teleportation (6)
 l - a wand of confusion (44)
 L - a wand of heal wounds (4)
Scrolls
 a - 7 scrolls of remove curse
 c - 6 scrolls of identify
 d - 3 scrolls of recharging
 g - 8 scrolls of teleportation
 o - 2 scrolls of magic mapping
 y - 3 scrolls of fear
Potions
 m - a potion of agility
 n - 2 potions of berserk rage
 p - 2 potions of curing
 s - a potion of lignification
 u - 2 potions of haste
 R - a potion of magic
Books
 B - a book of Dreams

   Spells                             Type                      Level
   a - Ensorcelled Hibernation        Hexes/Ice                    2
   b - Phase Shift                    Translocation                5
   c - Shadow Creatures               Summoning                    5
   d - Silence                        Hexes/Air                    5
   e - Darkness                       Hexes                        6
   f - Mass Confusion                 Hexes                        6
   Trog disapproves of the use of such an item.
 V - a book of Flames

   Spells                             Type                      Level
   a - Flame Tongue                   Conjuration/Fire             1
   b - Throw Flame                    Conjuration/Fire             2
   c - Conjure Flame                  Conjuration/Fire             3
   d - Inner Flame                    Hexes/Fire                   3
   e - Sticky Flame                   Conjuration/Fire             4
   f - Fireball                       Conjuration/Fire             5
   Trog disapproves of the use of such an item.
 Z - a book of Death

   Spells                             Type                      Level
   a - Corpse Rot                     Necromancy                   2
   b - Sublimation of Blood           Necromancy                   2
   c - Agony                          Necromancy                   5
   d - Dispel Undead                  Necromancy                   5
   e - Excruciating Wounds            Charms/Necromancy            5
   f - Bolt of Draining               Conjuration/Necromancy       5
   Trog disapproves of the use of such an item.
Comestibles
 h - 3 fruits
 k - 6 meat rations
 r - 2 bread rations


   Skills:
 + Level 11.6 Fighting
 * Level 13.6(13.8) Axes
 - Level 3.8(10.5) Maces & Flails
 + Level 11.5 Armour
 + Level 8.8 Dodging
 - Level 6.0 Shields
 + Level 3.6 Evocations


You had 13 spell levels left.
You didn't know any spells.

Dungeon Overview and Level Annotations

Branches:
Dungeon (11/15)            Temple (1/1) D:6            Lair (7/8) D:11
 Shoals (0/4) Lair:6       Spider (0/4) Lair:4          Orc (0/4) D:9
  Slime: Lair:6-8

Altars:
Elyvilon
Fedhas
Kikubaaqudgha
Makhleb
Nemelex Xobeh
Okawaru
Qazlal
Ru
Vehumet
Xom

Shops:
D:11 =


Innate Abilities, Weirdness & Mutations

You are resistant to torment.
Your stone body is resilient (AC +9).
You are immune to poison.
Your large and strong wings let you fly indefinitely.
You resist negative energy.
You are resistant to electric shocks.
You can survive without breathing.
You are immune to petrification.
You are immune to rotting.
You have razor-sharp toenails.


Message History

The wyvern bites you!
* * * LOW HITPOINT WARNING * * *
Drink which item? (? for menu, Esc to quit)
You feel much better.
The spiny frog stings you but does no damage.
The wyvern bites you. The seven-headed hydra misses you.
The seven-headed hydra bites you!
* * * LOW HITPOINT WARNING * * *
The seven-headed hydra bites you!
* * * LOW HITPOINT WARNING * * *
The seven-headed hydra bites you but does no damage.
The seven-headed hydra barely misses you.
The seven-headed hydra bites you!
* * * LOW HITPOINT WARNING * * *
The seven-headed hydra bites you but does no damage.
You sock the seven-headed hydra!
You kill the seven-headed hydra!
Trog accepts your kill. The wyvern misses you.
The spiny frog closely misses you. The wyvern bites you!
You die...

..#. .. .... ..#
.... .... . #..
#...# ... #.####
#.....
..P.##.8.##.#..#.
###......F†......
.....8.<@Y†...8..
....#....l#......
. ##.8.#..##.#.
##.###.... ...
##.+ .... .#
..... . ≈≈≈...#


You could see a spiny frog, a wyvern and a sheep.

Vanquished Creatures
  4 hydras
  2 unseen horrors
  An ice statue (IceCv)
  Pikel (D:7)
  2 hill giants (D:11)
  A griffon (Lair:6)
  An oklob plant (Lair:5)
  2 ugly things (D:11)
  4 slime creatures (D:9)
  An elephant (Lair:6)
  A cyclops (D:11)
  2 black mambas (Lair:3)
  11 spiny frogs
  A centaur skeleton (D:9)
  4 komodo dragons
  A fire drake (Lair:3)
  A queen bee (D:10)
  13 polar bears
  3 trolls
  11 blink frogs
  2 spriggans
  A wraith (D:10)
  A deep elf mage (D:10)
  2 hungry ghosts (D:10)
  32 yaks
  A basilisk (Lair:3)
  Grum (D:8)
  27 wolves
  5 hippogriffs
  Edmund (D:6)
  2 ice beasts (D:9)
  7 water moccasins
  8 porcupines
  Duvessa (D:7)
  4 slaves (D:7)
  8 orc warriors
  2 sky beasts
  8 spiders (Lair:4)
  A wasp (Lair:1)
  3 phantoms
  A necrophage (D:10)
  2 black bears
  3 eyes of draining
  11 crocodiles
  4 centaurs
  6 ogres
  15 giant frogs
  A scorpion (D:9)
  A water moccasin zombie (D:5)
  A wyvern skeleton (D:11)
  38 killer bees
  Dowan (D:7)
  2 electric eels
  3 wights (D:8)
  6 crimson imps
  4 centaur zombies
  2 jellies
  5 hounds
  7 orc priests
  4 giant frog skeletons
  Crazy Yiuf (D:6)
  2 giant frog zombies
  11 orc wizards
  A quasit (D:10)
  11 iguanas
  7 worker ants
  19 sheep
  2 hound zombies
  A hound skeleton (D:10)
  14 adders
  4 gnolls
  41 river rats
  A shadow imp (D:8)
  2 oozes (D:3)
  An adder skeleton (D:8)
  4 worms
  6 giant geckos
  43 orcs
  2 ball pythons
  13 bats
  9 giant cockroaches
  6 hobgoblins
  14 jackals
  2 giant gecko skeletons
  6 goblins
  10 kobolds
  4 quokkas
  A quokka zombie (D:8)
  6 rats
  8 fungi (D:7)
  8 plants
561 creatures vanquished.

Vanquished Creatures (collateral kills)
  A frost giant (IceCv)
  2 polar bears (IceCv)
  2 wolves (IceCv)
5 creatures vanquished.

Grand Total: 566 creatures vanquished

Notes
Turn   | Place    | Note
--------------------------------------------------------------
     0 | D:1      | shakdrar the Gargoyle Berserker began the quest for the Orb.
     0 | D:1      | Reached XP level 1. HP: 14/14 MP: 1/1
   492 | D:1      | Reached XP level 2. HP: 17/19 MP: 2/2
   695 | D:1      | Reached XP level 3. HP: 9/23 MP: 3/3
  1124 | D:1      | Acquired Trog's second power
  1286 | D:2      | Found a faded altar to an unknown god.
  1422 | D:2      | Reached XP level 4. HP: 19/29 MP: 4/4
  1798 | D:2      | Reached skill level 4 in Fighting
  2082 | D:3      | Reached XP level 5. HP: 33/33 MP: 5/5
  2355 | D:3      | Reached XP level 6. HP: 13/38 MP: 6/6
  3127 | D:4      | Noticed a troll
  3143 | D:5      | Entered Level 5 of the Dungeon
  3314 | D:5      | Reached skill level 5 in Axes
  3402 | D:5      | Reached XP level 7. HP: 41/44 MP: 7/7
  3606 | D:5      | Found a sparkling altar of Nemelex Xobeh.
  3608 | D:5      | Acquired Trog's third power
  3856 | D:6      | Reached skill level 5 in Fighting
  4051 | D:6      | Found a staircase to the Ecumenical Temple.
  4088 | D:6      | Found a sacrificial altar of Ru.
  4125 | D:6      | Reached skill level 6 in Axes
  4125 | D:6      | Reached XP level 8. HP: 26/49 MP: 8/8
  4129 | D:6      | Found an ancient bone altar of Kikubaaqudgha.
  4518 | D:6      | Noticed Edmund
  4546 | D:6      | Killed Edmund
  4680 | D:6      | Noticed Crazy Yiuf
  4686 | D:6      | Killed Crazy Yiuf
  4809 | D:6      | Reached skill level 5 in Armour
  5320 | D:7      | Found an iron altar of Okawaru.
  5327 | D:7      | Reached skill level 7 in Axes
  5395 | D:7      | Noticed Duvessa
  5395 | D:7      | Noticed Dowan
  5404 | D:7      | Noticed Pikel
  5407 | D:7      | Killed Dowan
  5407 | D:7      | Reached XP level 9. HP: 55/55 MP: 9/9
  5407 | D:7      | Killed Duvessa
  5421 | D:7      | Killed Pikel
  5800 | D:8      | Noticed Grum
  5806 | D:8      | Reached skill level 8 in Axes
  5806 | D:8      | Reached skill level 5 in Dodging
  5816 | D:8      | Killed Grum
  5877 | D:8      | Identified a scroll of acquirement
  5878 | D:8      | Got a bloodstained great mace
  5879 | D:8      | Identified the +4 great mace "Orb Guardian's Foe" {crush, rF+ Str+5} (You acquired it on level 8 of the Dungeon)
  5927 | D:8      | Reached skill level 1 in Maces & Flails
  6289 | D:8      | Reached XP level 10. HP: 26/63 MP: 10/10
  6999 | D:9      | Found a staircase to the Orcish Mines.
  7767 | D:9      | Reached skill level 9 in Axes
  8087 | D:9      | Received a gift from Trog
  8103 | D:9      | Found a white marble altar of Elyvilon.
  8297 | D:9      | Reached XP level 11. HP: 69/69 MP: 11/11
  8545 | D:10     | Entered Level 10 of the Dungeon
  8691 | D:10     | Got a bronze leather armour
  8702 | D:10     | Identified the +1 leather armour "Ymeugodi" {rC- rN+++ rCorr} (You found it on level 10 of the Dungeon)
  8767 | D:10     | Received a gift from Trog
  9031 | D:10     | Reached skill level 10 in Axes
  9864 | D:10     | Killed an unseen horror
 10606 | D:11     | Found a staircase to the Lair.
 10882 | D:11     | Found Caimooqu's Jewellery Shop.
 10888 | D:11     | Bought an uncursed ring of protection from magic for 375 gold pieces
 10888 | D:11     | Bought an uncursed amulet of stasis for 262 gold pieces
 11004 | D:11     | Noticed a hill giant
 11011 | D:11     | Noticed a hill giant
 11012 | D:11     | Killed a hill giant
 11043 | D:11     | Killed a hill giant
 11043 | D:11     | Reached skill level 10 in Fighting
 11153 | D:11     | Reached XP level 12. HP: 77/77 MP: 12/12
 11166 | D:11     | Reached skill level 11 in Axes
 11539 | D:11     | Killed an unseen horror
 11618 | Lair:1   | Entered Level 1 of the Lair of Beasts
 13208 | Lair:2   | Reached skill level 1 in Shields
 13556 | Lair:2   | Reached skill level 10 in Armour
 13884 | Lair:3   | Found a frozen archway.
 13893 | IceCv    | Entered an ice cave
 13997 | IceCv    | Reached skill level 12 in Axes
 14172 | IceCv    | Gained mutation: You have sharp toenails. [potion of beneficial mutation]
 14173 | IceCv    | Gained mutation: You have razor-sharp toenails. [potion of beneficial mutation]
 14184 | IceCv    | Noticed a frost giant
 14195 | IceCv    | Killed a frost giant
 14195 | IceCv    | Reached XP level 13. HP: 83/83 MP: 13/13
 14273 | IceCv    | Got a shimmering halberd
 14324 | IceCv    | Reached skill level 5 in Shields
 14462 | IceCv    | Received a gift from Trog
 14874 | Lair:3   | Noticed a seven-headed hydra
 14897 | Lair:2   | Identified the +4 halberd of Contradiction {pain, rPois rF+ Int-5} (You found it in an ice cave)
 14903 | Lair:3   | Killed a seven-headed hydra
 15064 | Lair:3   | Reached skill level 1 in Evocations
 15502 | Temple   | Entered the Ecumenical Temple
 15938 | Lair:4   | Reached skill level 13 in Axes
 16040 | Lair:4   | Found a hole to the Spider Nest.
 16470 | Lair:4   | Received a gift from Trog
 16799 | Lair:5   | Got a crude ring mail
 16810 | Lair:5   | Identified the +0 ring mail of the Voivode {rF+ Regen+ Int+4} (You found it on level 5 of the Lair of Beasts)
 17049 | Lair:5   | Received a gift from Trog
 17692 | Lair:6   | Gained mutation: Your large and strong wings let you fly indefinitely. [Gargoyle growth]
 17692 | Lair:6   | Reached XP level 14. HP: 82/90 MP: 5/16
 18340 | Lair:6   | Found a staircase to the Shoals.
 18810 | Lair:7   | Slain by a wyvern

Vault maps used:
D:1:      lemuel_arrival_broad_hall
D:2:      first_bread, ecumenical_altar_2, minmay_misc_feat_enclosed
D:4:      tso_oasis_becter, serial_shops, shop
D:5:      nemelex_xobeh_ov_fountains_minmay, nicolae_overflow_hidden_temple
D:6:      nicolae_ru_great_annihilating_truth, kiku_gazebo_garden_becter,
          minmay_temple_entry_trees, uniq_crazy_yiuf_cottage, uniq_edmund
D:7:      kennysheep_mini_moat, minmay_gold_behind_fungi, the_bakery,
          uniq_pikel, uniq_duvessa
D:8:      uniq_grum
D:9:      kennysheep_mini, erik_orc_2
D:11:     wad_guarded_room, lair_0_dummy, serial_shops, shop, spider_trap
Temple:   circular_temple_12
Lair:1:   grunt_forest_large_clearings
Lair:2:   minmay_lindwurm_lava
Lair:3:   portal_ice_cave_entry_pillars_01, cheibrodos_lair_reptile_den
Lair:4:   spider_nest_entry_a, serial_bayou_shore_a
Lair:6:   shoals_dummy_entry, serial_bayou_pond_d, hangedman_lair_generics_rect
Lair:7:   slime_altar_1, infiniplex_staircase_pool, grunt_megastairs_1
IceCv:    ice_cave_small_giant

Action                   |  1- 3 |  4- 6 |  7- 9 | 10-12 | 13-15 || total
-------------------------+-------+-------+-------+-------+-------++-------
Melee: Hand axe          |   126 |   144 |       |       |       ||   270
       War axe           |       |   105 |   265 |   715 |   109 ||  1194
       Great mace        |       |       |    21 |    56 |   293 ||   370
       Executioner's axe |       |       |       |       |    92 ||    92
Invok: Berserk           |       |     2 |     2 |     3 |       ||     7
       Trog's Hand       |       |       |     1 |     9 |     3 ||    13
       Brothers in Arms  |       |       |       |     1 |       ||     1
 Abil: Evoke Flight      |       |       |       |     1 |       ||     1
  Use: Scroll            |       |     7 |     5 |    14 |     8 ||    34
       Potion            |       |       |       |     6 |     1 ||     7
 Stab: Paralysed         |       |       |     1 |       |       ||     1
  Eat: Chunk             |     2 |     7 |     8 |    14 |    13 ||    44
       Meat ration       |       |       |     1 |     4 |       ||     5
       Pizza             |       |       |       |     1 |       ||     1
       Royal jelly       |       |       |       |     3 |       ||     3
       Beef jerky        |       |       |       |     1 |       ||     1
